 Dungeon Crawl Stone Soup version 0.23-a0-512-g50a8178 (webtiles) character file.

354 pmoppi the Digger (level 6, -3/37 HPs)
             Began as a Gargoyle Earth Elementalist on Dec 4, 2018.
             Was an Initiate of Vehumet.
             Slain by a two-headed ogre
             ... wielding a +0 giant spiked club
              (9 damage)
             ... on level 4 of the Dungeon.
             The game lasted 00:08:57 (5289 turns).

pmoppi the Digger (Gargoyle Earth Elementalist)     Turns: 5289, Time: 00:08:58

Health: -3/37      AC: 10    Str: 11    XL:     6   Next: 63%
Magic:  10/19      EV: 13    Int: 18    God:    Vehumet [......]
Gold:   197        SH:  0    Dex: 13    Spells: 5/11 levels left

rFire    . . .     SeeInvis .   a - +3 short sword (protect)
rCold    . . .     Gourm    .   (no shield)
rNeg     + . .     Faith    .   c - +0 robe
rPois    ∞         Spirit   .   q - +2 helmet
rElec    +         Reflect  .   y - +0 cloak
rCorr    .         Harm     .   (no gloves)
MR       .....                  (no boots)
Stlth    ++........             (no amulet)
HPRegen  0.12/turn              i - +3 ring of dexterity
MPRegen  0.16/turn              w - ring of magical power

@: no status effects
A: negative energy resistance 1, electricity resistance, unbreathing,
petrification resistance, rot immunity, AC +4
a: Renounce Religion


You were on level 4 of the Dungeon.
You worshipped Vehumet.
Vehumet was noncommittal.
You were not hungry.

You visited 2 branches of the dungeon, and saw 5 of its levels.

You collected 197 gold pieces.

Inventory:

Hand Weapons
 a - a +3 short sword of protection (weapon)
 e - a +0 club
Missiles
 b - 71 stones (quivered)
Armour
 c - a +0 robe (worn)
 h - a +0 shield
 q - a +2 helmet (worn)
 y - a +0 cloak (worn)
Jewellery
 i - a +3 ring of dexterity (left hand)
 w - a ring of magical power (right hand)
 A - an uncursed ring of protection from fire {unknown}
Wands
 o - a wand of iceblast (7)
Scrolls
 f - a scroll of teleportation
 g - a scroll of magic mapping
 k - a scroll of amnesia
 l - a scroll of identify
 n - 2 scrolls of enchant armour
 p - a scroll of fog {unknown}
 u - a scroll of remove curse
 v - a scroll of immolation
Potions
 j - a potion of might
 m - a potion of haste
 r - 2 potions of curing
 s - a potion of mutation
 t - a potion of heal wounds
 x - a potion of agility
Comestibles
 d - 11 rations
 z - 4 chunks of flesh


   Skills:
 + Level 3.0 Fighting
 + Level 3.0 Dodging
 - Level 2.1 Stealth
 + Level 3.3 Spellcasting
 + Level 2.5 Conjurations
 - Level 0.7 Transmutations
 - Level 5.0 Earth Magic


You had 5 spell levels left.
You knew the following spells:

 Your Spells              Type           Power        Failure   Level  Hunger
a - Sandblast             Erth           ###...       1%          1    None
b - Stone Arrow           Conj/Erth      ###...       10%         3    ###....
A - Passwall              Tmut/Erth      ##......     8%          2    ##.....

Your spell library contained the following spells:

 Spells                   Type           Power        Failure   Level  Hunger
 Magic Dart               Conj           ##..         5%          1    None
 Blink                    Tloc           N/A          24%         2    ##.....
 Call Imp                 Summ           #.......     24%         2    ##.....
 Slow                     Hex            #.......     24%         2    ##.....
 Conjure Flame            Conj/Fire      #.......     28%         3    ###....
 Mephitic Cloud           Conj/Pois/Air  #.......     34%         3    ###....
 Petrify                  Tmut/Erth      ##......     43%         4    ####...
 Lee's Rapid Deconstruct  Erth           ###.......   50%         5    ######.


Dungeon Overview and Level Annotations

Branches:
Dungeon (4/15)             Temple (1/1) D:4

Altars:
Cheibriados
Elyvilon
Fedhas
Hepliaklqana
Okawaru
Qazlal
Ru
Vehumet
Wu Jian
Xom
Yredelemnul
Zin
The Shining One

Shops:
D:4 [


Innate Abilities, Weirdness & Mutations

You are resistant to torment.
Your stone body is resilient. (AC +4)
You are immune to poison.
You resist negative energy. (rN+)
You are resistant to electric shocks. (rElec)
You can survive without breathing.
You are immune to petrification.
You are immune to rotting.


Message History

The stone arrow hits the two-headed ogre.
The two-headed ogre is moderately wounded.
Casting: Stone Arrow (safe; 10% risk of failure)
Confirm with . or Enter, or press ? or * to list all spells.
Aiming: Stone Arrow (safe; 10% risk of failure)
Press: ? - help, Shift-Dir - straight line, f/p - two-headed ogre
Aim: a two-headed ogre, wielding a +0 giant spiked club and a +0 giant club The stone arrow hits the two-headed ogre.
The two-headed ogre is heavily wounded.
You barely miss the two-headed ogre.
The two-headed ogre is heavily wounded.
The two-headed ogre hits you but does no damage.
The two-headed ogre misses you.
You barely miss the two-headed ogre.
The two-headed ogre is heavily wounded.
The two-headed ogre hits you with a +0 giant spiked club!!
Ouch! That really hurt!
* * * LOW HITPOINT WARNING * * *
The two-headed ogre hits you with a +0 giant club!
You die...

*,*,*,* #...#.#...#.##
* ,,,,*,*
#....>.......##***** *
,,,>,,*
#...#.#........,,,,****
,,,**,*
#..#...#.....#*,,,,,,,*
*,***,*
#........##.#**,*****,*
##* *,*
#.#####.###.###.# *,*
.###*,*
#.####..........# *,*
...###*
#.#....O....###.# *,*
##...######.#.##@######
*,*****,*
.###.....##.#.##.#
*,,,,,,,*
...##.##O.....##.#
*********
⌠..#..#####.####.# *
..##O## #># #.##### *
..#..# #.# #.....# *
###.## #.####.###.#
#### .#..# #......# #.#
#..< ...## ######.###.#
#.##


You could see a two-headed ogre.

Vanquished Creatures
  A phantom (D:4)
  A howler monkey (D:4)
  Crazy Yiuf (D:3)
  A worker ant (D:4)
  A hound skeleton (D:4)
  A worker ant zombie (D:4)
  6 adders
  2 oozes (D:1)
  A worm (D:2)
  2 dart slugs
  4 leopard geckos
  An orc (D:4)
  10 bats
  7 giant cockroaches
  5 goblins
  9 hobgoblins
  6 jackals
  5 kobolds
  A quokka (D:4)
  3 ball pythons
  4 frilled lizards
  7 rats
79 creatures vanquished.

Notes
Turn   | Place    | Note
-------+----------+-------------------------------------------
     0 | D:1      | pmoppi the Gargoyle Earth Elementalist began the quest for
                  | the Orb.
     0 | D:1      | Reached XP level 1. HP: 10/10 MP: 3/3
   156 | D:1      | Reached XP level 2. HP: 16/16 MP: 0/5
   274 | D:1      | Reached skill level 1 in Fighting
   286 | D:1      | Reached skill level 4 in Earth Magic
   289 | D:1      | Reached XP level 3. HP: 14/20 MP: 0/6
   472 | D:1      | Learned a level 2 spell: Passwall
   476 | D:1      | Learned a level 3 spell: Stone Arrow
  1652 | D:2      | Found a snail-covered altar of Cheibriados.
  1788 | D:2      | Reached XP level 4. HP: 25/25 MP: 5/7
  2909 | D:3      | Reached skill level 1 in Conjurations
  3103 | D:3      | Found a runed door.
  3541 | D:3      | Reached XP level 5. HP: 30/30 MP: 5/8
  3779 | D:3      | Noticed Crazy Yiuf
  3784 | D:3      | Killed Crazy Yiuf
  3784 | D:3      | Reached skill level 5 in Earth Magic
  3892 | D:4      | Found a staircase to the Ecumenical Temple.
  3910 | Temple   | Entered the Ecumenical Temple
  4264 | Temple   | Became a worshipper of Vehumet
  4420 | D:4      | Reached XP level 6. HP: 36/36 MP: 8/10
  4463 | D:4      | Noticed a two-headed ogre
  4911 | D:4      | Found Ufesesch's Armour Shop.
  5142 | D:4      | Noticed a phantom
  5159 | D:4      | Killed a phantom
  5289 | D:4      | Slain by a two-headed ogre

Vault maps used:
D:1:      dpeg_chamrin_arrival_tetris, serial_rivers,
          chequers_serial_rivers_micro_c, chequers_serial_rivers_marsh,
          chequers_serial_rivers_micro_c, chequers_serial_rivers_marsh,
          minmay_heptomino_d4
D:2:      kennysheep_slug_shrine, first_ration, minmay_randomly_rotated_circles
D:3:      uniq_crazy_yiuf_cottage
D:4:      minmay_skewed_foursquare, minmay_temple_entry_crystal_x, serial_shops,
          shop_fountains, corner_web_ring
Temple:   minmay_temple_forest_path

Skill      XL: |  1  2  3  4  5  6 |
---------------+-------------------+-----
Fighting       | 1 2 3 |  3.0
Earth Magic    | 4 5 |  5.0
Dodging        | 2 3 |  3.0
Conjurations   | 1 2 |  2.5
Spellcasting   | 3 |  3.3
Stealth        | |  2.1
Transmutations | |  0.7

Action                   |  1- 3 |  4- 6 || total
-------------------------+-------+-------++-------
Melee: Club              |    12 |       ||    12
       Unarmed           |     2 |       ||     2
       Short sword       |     3 |    13 ||    16
 Cast: Sandblast         |    39 |    83 ||   122
       Stone Arrow       |       |     8 ||     8
  Use: Scroll            |       |    12 ||    12
  Eat: Chunk             |     3 |    12 ||    15
Armor: Robe              |     8 |    17 ||    25
Dodge: Dodged            |    12 |    24 ||    36

Table legend:
 A = Non-vault XP
 B = Vault XP
 C = Vault XP percentage of total XP
 D = Non-vault monster count
 E = Vault monster count
 F = Vault count percentage of total count
                 A         B        C        D         E       F
            +---------+---------+-------+---------+---------+-------
      Total |     406 |     101 |  19.9 |      64 |      15 |  19.0
            +---------+---------+-------+---------+---------+-------
        D:1 |      40 |      14 |  25.9 |      19 |       4 |  17.4
        D:2 |      70 |      15 |  17.6 |      25 |       7 |  21.9
        D:3 |      34 |      39 |  53.4 |       8 |       1 |  11.1
        D:4 |     262 |      33 |  11.2 |      12 |       3 |  20.0
            +---------+---------+-------+---------+---------+-------
